AoeStats
← RedeemYourself

Arabia

510123999Analyzed
1v1 RM · 2d ago on Sep 29, 2026· 33m 30s· 2 players
Game mode
Random Map
Map size
Tiny (2 player)
Population
200
Speed
Normal
Resources
Standard
Victory
Conquest
Starting age
Dark Age
Ending age
Imperial Age
RankedLock teamsTeams togetherTeam positionsShared explorationLock speedFull tech treeHidden civsTurbo modeCheats
Victory
Defeat
🇨🇴 Malians · Colombia
1782
+13
🇩🇪 Armenians · Germany
1713
-13
RedeemYourself
6:45 Loom
9:31 Feudal Age
9:31 Man-at-Arms
16:02 Double-Bit Axe
18:37 Fletching
23:55 Castle Age
22:30 Padded Archer Armor
23:56 Horse Collar
24:00 Crossbowman
25:49 Bodkin Arrow
Parabox
6:53 Loom
9:19 Feudal Age
9:47 Double-Bit Axe
12:54 Fletching
21:52 Castle Age
22:36 Scale Barding Armor
22:47 Bodkin Arrow
22:32 Crossbowman
24:58 Ballistics
Connection lost

Rejoining the realm…

Still unreachable

The connection could not be restored.

Session expired

The server has moved on; the page needs a fresh start.